Unix NetHack Version 5.0.0-0 post-release - last build May 17 2026 04:57:42 (dc50c8380fa5e20985bfe3072449f57b8d9895ef,branch:main).

Game began 2026-05-19 00:39:36, ended 2026-05-19 00:47:12.

Corncycle, chaotic male human Rogue

                                                           --
                                                        -  .--
                                                        . ...--
                    ---                                .-.....--
                    |.....  --          -            --........--
                 ...............  |     |..        ---..........-
                     |..............  ---....--   --........---
                       -.................(.....----@..---..--
                         ........................|h).--    |
                                      -..........G.f.|
                         .......)..>.............-----
       .........................    ---... --....
          ----------------            --    |...-
                                            -)--
                                            .

Corncycle the Cutpurse  St:15 Dx:18 Co:15 In:10 Wi:9 Ch:9  Chaotic
Dlvl:3  $:29 HP:0(27) Pw:12(12) AC:7  Xp:3 T:1001 

Latest messages:
 You are hit by a crossbow bolt.
 The crossbow bolt misses the dwarf.
 You are hit by a crossbow bolt.
 The kitten drops a thonged club.
 The kitten misses the dwarf.
 You climb up the stairs.
 You descend the stairs.
 There is a branch staircase up to the Dungeons of Doom here.
 You see here 3 crossbow bolts.
 In what direction?
 You throw 2 daggers.
 The 1st dagger misses the dwarf.
 The 2nd dagger hits the dwarf.
 The kitten misses the dwarf.
 The kitten misses the dwarf.
 In what direction?
 The dagger hits the dwarf.
 The kitten misses the dwarf.
 The dwarf thrusts her broad short sword.
 The dwarf hits!
 The crossbow bolt misses the dwarf.
 You are hit by a crossbow bolt.
 The crossbow bolt misses the dwarf.
 You are hit by a crossbow bolt.
 You climb up the stairs.
 You descend the stairs.
 There is a branch staircase up to the Dungeons of Doom here.
 You see here 5 crossbow bolts.
 The dwarf thrusts her broad short sword.
 The dwarf hits!
 The gnome lord picks up 3 crossbow bolts.
 In what direction?
 The dagger misses the dwarf.
 The kitten picks up a stout spear.
 The kitten misses the dwarf.
 The dwarf thrusts her broad short sword.
 The dwarf hits!
 In what direction?
 You throw 2 daggers.
 The 1st dagger misses the dwarf.
 The 2nd dagger hits the dwarf.
 The kitten misses the dwarf.
 The dwarf thrusts her broad short sword.
 The dwarf hits!
 You die...
 Do you want your possessions identified? [ynq] (y)
 Do you want to see your attributes? [ynq] (y)
 Do you want an account of creatures vanquished? [ynaq] (y)
 Do you want to see your conduct and achievements? [ynq] (y)
 Do you want to see the dungeon overview? [ynq] (y)

Inventory:
 Coins    ('$')
  $ - 29 gold pieces
 Weapons  (')')
  b - a +0 dagger (at the ready)
  a - a blessed +0 short sword (weapon in right hand)
 Armor    ('[')
  c - an uncursed +1 leather armor (being worn)
 Comestibles  ('%')
  g - an uncursed slime mold
  j - 3 uncursed food rations
  h - 4 uncursed lichen corpses
 Scrolls  ('?')
  s - an uncursed scroll of blank paper
  i - a blessed scroll of enchant armor
  q - an uncursed scroll of enchant armor
  m - an uncursed scroll of magic mapping
 Spellbooks  ('+')
  r - an uncursed spellbook of haste self
 Potions  ('!')
  k - a blessed potion of blindness
  p - an uncursed potion of gain energy
  n - an uncursed potion of healing
  l - a cursed potion of healing
  d - an uncursed potion of sickness
 Tools    ('(')
  f - an empty uncursed sack
  e - an uncursed lock pick
  o - an uncursed mirror

Corncycle the Rogue's attributes:

Background:
 You were a Cutpurse, a level 3 male human Rogue.
 You were chaotic, nominally on a mission for Kos
 who was opposed by Issek (lawful) and Mog (neutral).
 You were right-handed.
 You were in the Gnomish Mines, on level 3.
 You entered the dungeon 1001 turns ago.
 It was the midnight hour.
 There was a new moon in effect when your adventure ended.
 You had 57 experience points, 23 more were needed to attain level 4.

Basics:
 You had 0 out of 27 hit points.
 You had all 12 energy points (spell power).
 Your armor class was 7.
 Your wallet contained 29 zorkmids.
 Autopickup was off.

Final Characteristics:
 Your strength was 15 (limit:18/100).
 Your dexterity was 18 (limit:18).
 Your constitution was 15 (limit:18).
 Your intelligence was 10 (limit:18).
 Your wisdom was 9 (limit:18).
 Your charisma was 9 (limit:18).

Final Status:
 You weren't hungry.
 You were unencumbered.
 You were wielding a short sword.
 You had basic skill with short sword.

Final Attributes:
 You were fervently aligned.
 You were stealthy.
 You were warded.
 You are dead.

Miscellaneous:
 You didn't encounter any bones levels.
 Total elapsed playing time was 7 minutes and 32 seconds.

Major events:
 Turn
    1: Corncycle the chaotic male human Rogue entered the dungeon
  628: entered the Gnomish Mines
  647: attained the rank of Cutpurse (level 3)
 1001: killed by a dwarf

You didn't know any spells.

Skills:
 Fighting Skills
   bare handed combat [Unskilled]
   two weapon combat  [Unskilled]
   riding             [Unskilled]
 Weapon Skills
   dagger             [Basic]
   knife              [Unskilled]
   short sword        [Basic]
   broadsword         [Unskilled]
   long sword         [Unskilled]
   two-handed sword   [Unskilled]
   saber              [Unskilled]
   club               [Unskilled]
   mace               [Unskilled]
   morning star       [Unskilled]
   flail              [Unskilled]
   hammer             [Unskilled]
   polearms           [Unskilled]
   spear              [Unskilled]
   crossbow           [Unskilled]
   dart               [Unskilled]
   shuriken           [Unskilled]
 Spellcasting Skills
   divination spells  [Unskilled]
   escape spells      [Unskilled]
   matter spells      [Unskilled]

Voluntary challenges:
 Character rerolling was not enabled.
 You were an atheist.
 You never genocided any monsters.
 You never polymorphed an object.
 You never changed form.
 You used no wishes.
Achievements:
 You entered the Gnomish Mines.
 You attained the rank of Cutpurse.

 The Dungeons of Doom: levels 1 to 2
    Level 1:
    Level 2:
       An altar, many fountains.
       Stairs down to The Gnomish Mines.
 The Gnomish Mines:
    Level 3: <- You were here.
       Final resting place for
          you, killed by a dwarf.


Vanquished creatures:
  a gnomish wizard
  5 gnomes
  7 jackals
  a kobold
  a goblin
  a sewer rat
  6 grid bugs
  4 lichens
  a kobold zombie
  a newt
28 creatures vanquished.

No species were genocided or became extinct.

Game over:
                       ----------
                      /          \
                     /    REST    \
                    /      IN      \
                   /     PEACE      \
                  /                  \
                  |    Corncycle     |
                  |      29 Au       |
                  |   killed by a    |
                  |      dwarf       |
                  |                  |
                  |                  |
                  |       2026       |
                 *|     *  *  *      | *
        _________)/\\_//(\/(/\)/\//\/|_)_______

Goodbye Corncycle the Rogue...

You died in The Gnomish Mines on dungeon level 3 with 355 points,
and 29 pieces of gold, after 1001 moves.
You were level 3 with a maximum of 27 hit points when you died.

